 Dungeon Crawl Stone Soup version 0.19.0-19-g8c6edcc (webtiles) character file.

67808 lorenzova the Warrior (level 14, 0/135 HPs)
             Began as a Minotaur Berserker on Nov 12, 2016.
             Was the Champion of Trog.
             Slain by a morningstar of draining (4 damage)
             ... on level 1 of the Elven Halls on Nov 13, 2016.
             The game lasted 01:12:14 (23710 turns).

lorenzova the Warrior (Minotaur Berserker)         Turns: 23710, Time: 01:12:15

Health: 0/135      AC: 20    Str: 26    XL:     14   Next: 84%
Magic:  0/6        EV: 13    Int: 15    God:    Trog [******]
Gold:   1242       SH:  0    Dex: 11    Spells: 0 memorised, 13 levels left

rFire  + . .     SeeInvis .     H - +5 executioner's axe "Reazub" {antimagic, rF+ rC+ MR- Int+8}
rCold  + . .     Gourm    .     a - +1 chain mail {MR+}
rNeg   . . .     Faith    .     (shield currently unavailable)
rPois  .         Spirit   +     X - +2 hat {Spirit}
rElec  .         Reflect  .     t - +0 cloak {MR+}
rCorr  .         Harm     .     C - +0 pair of gloves
MR     ++++.                    (no boots)
Stlth  ..........               j - amulet of regeneration
                                z - +4 ring of protection
                                y - ring of the Mage {Wiz MR++ Int+3}

@: very heavily drained
A: retaliatory headbutt, horns 2
a: Berserk, Trog's Hand, Brothers in Arms, Burn Spellbooks, Renounce Religion


You were on level 1 of the Elven Halls.
You worshipped Trog.
Trog was exalted by your worship.
You were not hungry.

You visited 4 branches of the dungeon, and saw 21 of its levels.
You also visited: Labyrinth.

You collected 2168 gold pieces.
You spent 926 gold pieces at shops.

Inventory:

Hand Weapons
 H - the +5 executioner's axe "Reazub" (weapon) {antimagic, rF+ rC+ MR- Int+8}
   (Trog gifted it to you on level 6 of the Lair of Beasts)

   It reduces the magical energy of the wielder, and disrupts the spells and
   magical abilities of those hit.
   Natural abilities and divine invocations are not affected.
   It affects your intelligence (+8).
   It protects you from fire.
   It protects you from cold.
   It affects your resistance to hostile enchantments.
 Y - a +6 war axe of flaming
Armour
 a - a +1 chain mail of magic resistance (worn)
 d - a +2 leather armour of cold resistance
 i - a +0 shield
 t - a +0 cloak of magic resistance (worn)
 C - a +0 pair of gloves (worn)
 M - a +1 ring mail of fire resistance
 X - a +2 hat of spirit shield (worn)
Jewellery
 j - an amulet of regeneration (around neck)
 r - the ring of Shadows {Umbra +Inv Stlth+}
   (You found it on level 3 of the Lair of Beasts)

   [ring of stealth]

   It lets you turn invisible.
   It makes you more stealthy.
 y - the ring of the Mage (left hand) {Wiz MR++ Int+3}
   (You found it in a labyrinth)

   [ring of wizardry]

   It improves your spell success rate.
   It affects your intelligence (+3).
   It affects your resistance to hostile enchantments.
 z - a +4 ring of protection (right hand)
 T - an uncursed ring of protection from magic
Wands
 b - a wand of iceblast (7/15)
 q - a wand of digging (14/24)
 I - a wand of hasting (5/9)
 R - a wand of lightning (10/15)
 U - a wand of heal wounds (8/9)
Scrolls
 n - 9 scrolls of remove curse
 o - 7 scrolls of magic mapping
 w - 6 scrolls of teleportation
 x - 2 scrolls of recharging
 D - a scroll of fear
 L - 2 scrolls of enchant weapon
 S - 4 scrolls of enchant armour
Potions
 e - 2 potions of flight
 f - 3 potions of cancellation
 k - a potion of mutation
 m - 5 potions of might
 u - 4 potions of brilliance
 v - 4 potions of agility
 E - 5 potions of berserk rage
 F - 2 potions of ambrosia {unknown}
 G - a potion of magic {unknown}
 K - 2 potions of cure mutation {unknown}
 Q - 2 potions of haste {unknown}
 V - 8 potions of curing
 Z - a potion of resistance {unknown}
Miscellaneous
 g - a fan of gales
Comestibles
 c - 13 bread rations
 h - 6 fruits
 p - 3 meat rations


   Skills:
 + Level 15.2(10.8) Fighting
 + Level 12.8(8.5) Axes
 - Level 13.0(8.7) Armour
 + Level 13.9(9.6) Dodging
 - Level 8.9(5.1) Shields
 * Level 9.1(5.3) Evocations


You had 13 spell levels left.
You didn't know any spells.

Dungeon Overview and Level Annotations

Branches:
Dungeon (12/15)            Temple (0/1) D:6            Lair (6/6) D:10
  Swamp (0/4) Lair:3        Snake (0/4) Lair:2        Slime (0/5) Lair:5
    Orc (2/2) D:12            Elf (1/3) Orc:2

Altars:
Cheibriados
Makhleb
Sif Muna
Yredelemnul
Beogh
Jiyva

Shops:
D:5 =   D:11 (   Orc:2 }*(*


Innate Abilities, Weirdness & Mutations

You reflexively headbutt those who attack you in melee.
You have a pair of horns on your head.


Message History

The morningstar of draining hits you!
* * * LOW HITPOINT WARNING * * *
You feel drained.
* * * LOW HITPOINT WARNING * * *
The morningstar of draining barely misses you.
You miss the morningstar of draining.
Your headbutt misses the morningstar of draining.
The morningstar of draining is almost destroyed.
The morningstar of draining hits you!
* * * LOW HITPOINT WARNING * * *
You feel drained.
* * * LOW HITPOINT WARNING * * *
The morningstar of draining hits you but does no damage.
You feel drained.
You miss the morningstar of draining.
The morningstar of draining is severely damaged.
The morningstar of draining hits you!
* * * LOW HITPOINT WARNING * * *
You feel drained.
You die...

....###
..#.#..
.......
##.......
##........
##.........
#..).......
#@(.# #####


You could see a morningstar of draining.

Vanquished Creatures
  Gastronok (D:8)
  An orc warlord (Orc:1)
  2 stone giants
  The ghost of Ladykiller69 the Grappler, a journeyman TrFi of Uskayaw (Orc:2)
  A minotaur (Lab)
  A hydra (D:12)
  4 orc high priests (Orc:2)
  A deep elf knight (Orc:2)
  A skeletal warrior (D:11)
  A hill giant (D:11)
  A lindwurm (Lair:5)
  7 orc knights
  7 orc sorcerers
  A deep elf mage (Elf:1)
  2 ugly things (D:12)
  An oklob plant (Lair:6)
  5 cyclopes
  11 elephants (Lair:6)
  Maurice (D:10)
  2 black mambas (Lair:6)
  A molten gargoyle (Orc:1)
  A gargoyle (D:12)
  15 spiny frogs
  A kobold demonologist (D:11)
  2 rime drakes
  11 komodo dragons
  5 trolls
  4 polar bears
  Grinder (D:4)
  5 hippogriffs
  31 blink frogs
  2 hornets
  2 redbacks (Lair:6)
  12 spriggans (Lair:6)
  2 wyverns
  A water elemental (Elf:1)
  3 wraiths
  31 yaks
  3 shadows
  5 basilisks
  A hungry ghost (D:12)
  6 wargs
  3 swamp worms (Lair:3)
  A naga (Lair:2)
  20 water moccasins
  28 orc warriors
  3 porcupines
  6 sky beasts
  7 black bears
  2 ice beasts
  A necrophage (D:6)
  15 ogres
  2 phantoms
  4 boggarts (Lair:6)
  20 wolves (Lair:6)
  2 big kobolds
  4 crocodiles
  A gnoll sergeant (D:8)
  12 bullfrogs
  2 water moccasin zombies
  7 scorpions
  A water moccasin skeleton (D:8)
  5 wights (D:10)
  6 howler monkeys
  An electric eel (Lair:3)
  5 crimson imps
  2 bullfrog zombies
  A lava snake (Orc:1)
  A centaur zombie (D:7)
  10 hounds
  22 orc priests
  Crazy Yiuf (D:4)
  4 jellies
  5 bullfrog skeletons
  Ijyb (D:2)
  3 iguanas
  31 orc wizards
  10 worker ants
  2 hound skeletons
  A hound zombie (D:7)
  Robin (D:2)
  2 worker ant zombies
  10 gnolls
  12 adders
  3 shadow imps
  9 oozes
  An adder zombie (D:5)
  3 adder skeletons
  3 worms (D:3)
  4 dart slugs
  6 leopard geckos
  94 orcs
  2 ball pythons (D:2)
  2 giant cockroaches (D:1)
  19 goblins
  7 hobgoblins
  7 jackals
  5 quokkas
  7 bats
  6 frilled lizards
  A jackal skeleton (D:4)
  A jackal zombie (D:8)
  14 kobolds
  6 rats
  A bush (Lair:5)
  3 fungi
  2 plants
680 creatures vanquished.

Vanquished Creatures (others)
  9 fungi
  4 plants
13 creatures vanquished.

Grand Total: 693 creatures vanquished

Notes
Turn   | Place    | Note
-------+----------+-------------------------------------------
     0 | D:1      | lorenzova the Minotaur Berserker began the quest for the Orb.
     0 | D:1      | Reached XP level 1. HP: 19/19 MP: 0/0
   115 | D:1      | Reached XP level 2. HP: 17/27 MP: 1/1
   212 | D:1      | Reached skill level 4 in Fighting
   575 | D:2      | Noticed Robin
   575 | D:2      | Reached XP level 3. HP: 32/33 MP: 2/2
   582 | D:2      | Reached ** piety under Trog
   597 | D:2      | Killed Robin
  1242 | D:2      | Noticed Ijyb
  1254 | D:2      | Killed Ijyb
  1254 | D:2      | Reached XP level 4. HP: 29/41 MP: 3/3
  1422 | D:2      | Reached skill level 5 in Fighting
  1863 | D:3      | Reached XP level 5. HP: 7/48 MP: 4/4
  1866 | D:3      | Reached *** piety under Trog
  2588 | D:3      | Reached XP level 6. HP: 56/57 MP: 5/5
  2904 | D:3      | Found a deep blue altar of Sif Muna.
  3044 | D:4      | Reached skill level 6 in Fighting
  3089 | D:4      | Reached skill level 5 in Armour
  3306 | D:4      | Reached skill level 5 in Dodging
  3313 | D:4      | Reached XP level 7. HP: 64/64 MP: 6/6
  3317 | D:4      | Reached **** piety under Trog
  3473 | D:4      | Found a runed door.
  3477 | D:4      | Noticed Crazy Yiuf
  3489 | D:4      | Killed Crazy Yiuf
  3834 | D:4      | Reached skill level 7 in Fighting
  4041 | D:4      | Noticed Grinder
  4043 | D:4      | Paralysed by Grinder for 3 turns
  4048 | D:4      | Paralysed by Grinder for 7 turns
  4059 | D:4      | Killed Grinder
  4446 | D:5      | Entered Level 5 of the Dungeon
  4456 | D:5      | Reached XP level 8. HP: 65/74 MP: 7/7
  4509 | D:5      | Reached skill level 8 in Fighting
  4577 | D:5      | Found a snail-covered altar of Cheibriados.
  4851 | D:5      | Found Xiacir's Jewellery Emporium.
  5213 | D:6      | Reached skill level 9 in Fighting
  5222 | D:6      | Found a staircase to the Ecumenical Temple.
  5388 | D:6      | Reached XP level 9. HP: 82/83 MP: 8/8
  5509 | D:6      | Reached ***** piety under Trog
  6029 | D:7      | Reached skill level 10 in Fighting
  6515 | D:7      | Received a gift from Trog
  7009 | D:8      | Reached skill level 10 in Armour
  7391 | D:8      | Found a basalt altar of Yredelemnul.
  7472 | D:8      | Noticed Gastronok
  7528 | D:8      | Reached XP level 10. HP: 53/94 MP: 9/9
  7530 | D:8      | Received a gift from Trog
  8084 | D:8      | Killed Gastronok
  8084 | D:8      | Reached skill level 11 in Fighting
  8084 | D:8      | Reached skill level 10 in Dodging
  9606 | D:10     | Entered Level 10 of the Dungeon
  9645 | D:10     | Reached skill level 12 in Fighting
  9668 | D:10     | Noticed Maurice
  9681 | D:10     | Killed Maurice
  9681 | D:10     | Reached skill level 1 in Shields
  9709 | D:10     | Reached XP level 11. HP: 29/104 MP: 3/10
 10037 | D:10     | Found a staircase to the Lair.
 10688 | D:11     | Reached skill level 5 in Axes
 11123 | D:11     | Noticed a hill giant
 11139 | D:11     | Killed a hill giant
 11532 | D:11     | Found Xepyski's Antique Weapon Emporium.
 11576 | D:11     | Noticed a skeletal warrior
 11585 | D:11     | Killed a skeletal warrior
 11968 | D:11     | Received a gift from Trog
 12020 | D:12     | Found a labyrinth entrance.
 12035 | Lab      | Entered a labyrinth
 12426 | Lab      | Noticed a minotaur
 12434 | Lab      | Killed a minotaur
 12434 | Lab      | Reached skill level 5 in Shields
 12482 | Lab      | Identified the Almanac of Conjuration
 12810 | D:12     | Found a staircase to the Orcish Mines.
 12898 | D:12     | Found a roughly hewn altar of Beogh.
 13127 | D:12     | Noticed a four-headed hydra
 13127 | D:12     | Noticed a brown ugly thing
 13356 | D:12     | Reached XP level 12. HP: 113/113 MP: 11/11
 14192 | D:5      | Bought an uncursed amulet of guardian spirit for 420 gold pieces
 14361 | D:11     | Bought a glowing battleaxe for 287 gold pieces
 14396 | Lair:1   | Entered Level 1 of the Lair of Beasts
 15205 | Lair:2   | Reached skill level 13 in Fighting
 15465 | Lair:2   | Found a staircase to the Snake Pit.
 15661 | Lair:2   | Received a gift from Trog
 16324 | Lair:3   | Reached skill level 10 in Axes
 16376 | Lair:3   | Found a staircase to the Swamp.
 16741 | Lair:3   | Received a gift from Trog
 16780 | Lair:3   | Reached skill level 1 in Evocations
 16996 | Lair:3   | Reached XP level 13. HP: 116/122 MP: 13/13
 18399 | Lair:5   | Found a viscous altar of Jiyva.
 18399 | Lair:5   | Found a staircase to the Slime Pits.
 18950 | Lair:6   | Entered Level 6 of the Lair of Beasts
 18950 | Lair:6   | Found a burning altar of Makhleb.
 19248 | Orc:1    | Entered Level 1 of the Orcish Mines
 19358 | Orc:1    | Noticed an orc warlord
 19370 | Orc:1    | Reached skill level 14 in Fighting
 19393 | Orc:1    | Killed an orc warlord
 19393 | Orc:1    | Reached skill level 5 in Evocations
 19614 | Orc:1    | Noticed a stone giant
 19626 | Orc:1    | Killed a stone giant
 19814 | Orc:1    | Received a gift from Trog
 19953 | Orc:1    | Found a roughly hewn altar of Beogh.
 20456 | Orc:2    | Entered Level 2 of the Orcish Mines
 20683 | Orc:2    | Found a staircase to the Elven Halls.
 20748 | Orc:2    | Noticed Ladykiller69's ghost (journeyman TrFi)
 20773 | Orc:2    | Killed Ladykiller69's ghost
 20773 | Orc:2    | Reached XP level 14. HP: 64/133 MP: 6/17
 20879 | Orc:2    | Reached ****** piety under Trog
 21308 | Orc:2    | Found Bouf's General Store.
 21308 | Orc:2    | Found Veusuotyext's Gadget Shoppe.
 21316 | Orc:2    | Found Hisch's Antique Weapon Boutique.
 21316 | Orc:2    | Found Noozar's General Store.
 21359 | Orc:2    | Bought a potion of curing for 39 gold pieces
 21615 | Orc:2    | Noticed a stone giant
 21634 | Orc:2    | Killed a stone giant
 21755 | Orc:2    | Bought a runed war axe for 180 gold pieces
 22037 | Lair:6   | Received a gift from Trog
 22044 | Lair:6   | Got a faintly glowing executioner's axe {god gift}
 22050 | Lair:6   | Identified the +5 executioner's axe "Reazub" {antimagic, rF+ rC+ MR- Int+8} (Trog gifted it to you on level 6 of the Lair of Beasts)
 22554 | Lair:6   | Reached skill level 15 in Fighting
 22767 | Lair:6   | Received a gift from Trog
 23689 | Elf:1    | Entered Level 1 of the Elven Halls
 23710 | Elf:1    | HP: 4/135 [morningstar of draining (13)]
 23710 | Elf:1    | Slain by a morningstar of draining

Skill      XL: |  1  2  3  4  5  6  7  8  9 10 11 12 13 14 |
---------------+-------------------------------------------+-----
Fighting       | 4 5 6 7 9 10 12 13 14 15 | 15.2
Armour         | 3 4 5 6 8 10 11 12 13 | 13.0
Dodging        | 3 4 5 6 7 9 10 11 12 13 | 13.9
Shields        | 1 6 8 |  8.9
Axes           | 4 7 10 11 12 | 12.8
Evocations     | 1 6 9 |  9.1

Action                   |  1- 3 |  4- 6 |  7- 9 | 10-12 | 13-15 || total
-------------------------+-------+-------+-------+-------+-------++-------
Melee: Hand axe          |    79 |    81 |       |   422 |   290 ||   872
       Headbutt          |    13 |    25 |    72 |   170 |   151 ||   431
       War axe           |       |    67 |   355 |    11 |    41 ||   474
       Broad axe         |       |       |       |   321 |   241 ||   562
       Battleaxe         |       |       |       |       |     4 ||     4
       Executioner's axe |       |       |       |       |   173 ||   173
Invok: Berserk           |       |     2 |     2 |    14 |     9 ||    27
       Burn Spellbooks   |       |       |     1 |     6 |     3 ||    10
       Trog's Hand       |       |       |       |     2 |       ||     2
Evoke: Rod               |       |       |       |     4 |       ||     4
       Wand              |       |       |       |       |     1 ||     1
  Use: Scroll            |       |       |     9 |     9 |    15 ||    33
       Potion            |       |       |       |     3 |       ||     3
 Stab: Sleeping          |       |       |       |     5 |       ||     5
       Invisible         |       |       |       |     3 |       ||     3
       Distracted        |       |       |       |       |     1 ||     1
  Eat: Chunk             |       |    10 |    14 |    33 |    17 ||    74
       Royal jelly       |       |       |       |     7 |       ||     7
       Fruit             |       |       |       |     5 |     6 ||    11
       Pizza             |       |       |       |     1 |     1 ||     2
       Meat ration       |       |       |       |       |     2 ||     2
Armor: Animal skin       |     8 |     8 |       |       |       ||    16
       Ring mail         |       |    20 |    53 |       |    72 ||   145
       Plate armour      |       |       |   186 |   242 |       ||   428
       Troll leather arm |       |       |       |    62 |     8 ||    70
       Chain mail        |       |       |       |       |   121 ||   121
       Scale mail        |       |       |       |       |    69 ||    69
Dodge: Dodged            |    49 |    69 |   165 |   382 |   548 ||  1213
Block: Shield            |    22 |    41 |   166 |   352 |   263 ||   844
